 Dungeon Crawl Stone Soup version 0.23-a0-171-g5ae17c6e89 (webtiles) character file.

64992 Jesh the Unseen (level 14, -5/74 HPs)
             Began as a Spriggan Enchanter on Sept 14, 2018.
             Was the Champion of Dithmenos.
             Slain by a black mamba (6 damage)
             ... on level 6 of the Lair of Beasts.
             The game lasted 01:01:47 (29394 turns).

Jesh the Unseen (Spriggan Enchanter)               Turns: 29394, Time: 01:01:47

Health: -5/74      AC: 13    Str: 10    XL:     14   Next: 73%
Magic:  29/31      EV:  4    Int: 20    God:    Dithmenos [******]
Gold:   3249       SH:  0    Dex: 19    Spells: 26/38 levels left

rFire    . . .     SeeInvis +   R - +5 rapier
rCold    . . .     Gourm    .   (shield restricted)
rNeg     + + +     Faith    .   F - +2 robe {Archmagi}
rPois    ∞         Spirit   .   (helmet restricted)
rElec    .         Reflect  .   S - +2 cloak
rCorr    .         Harm     .   (gloves unavailable)
MR       ++...                  (boots unavailable)
Stlth    ++++++++++             (no amulet)
HPRegen  0.22/turn              m - +6 ring of protection
MPRegen  0.22/turn              N - ring "Cajin" {Str+3 Dex+2 Stlth+}

@: lethally poisoned (-5 -> -5), petrified, berserk cooldown, slowed, wreathed
by umbra, studying Throwing, very quick
A: very small, unfitting armour, see invisible, clever 1, herbivore, speed 3,
slow metabolism 2
a: Shadow Step, Shadow Form, Renounce Religion


You were on level 6 of the Lair of Beasts.
You worshipped Dithmenos.
Dithmenos was exalted by your worship.
You were not hungry.

You visited 5 branches of the dungeon, and saw 25 of its levels.
You also visited: Ossuary.

You collected 3249 gold pieces.

Inventory:

Hand Weapons
 h - the +5 dagger "Jyut" {venom, Int+4}
   (You found it on level 11 of the Dungeon)

   It poisons the flesh of those it strikes.
   It affects your intelligence (+4).
 R - a +5 rapier (weapon)
Armour
 p - a +2 robe of magic resistance
 F - a +2 robe of the Archmagi (worn)
 S - a +2 cloak (worn)
Jewellery
 g - an uncursed ring of protection from magic
 m - a +6 ring of protection (left hand)
 n - an uncursed ring of flight
 o - a +2 ring of slaying
 w - an uncursed ring of fire
 y - an uncursed ring of resist corrosion
 A - a +5 ring of dexterity
 E - an uncursed ring of protection from cold
 I - an uncursed ring of poison resistance
 J - an uncursed ring of fire
 N - the ring "Cajin" (right hand) {Str+3 Dex+2 Stlth+}
   (You found it on level 2 of the Lair of Beasts)

   [ring of stealth]

   It affects your strength (+3).
   It affects your dexterity (+2).
   It makes you more stealthy.
Wands
 q - a wand of flame (16)
 s - a wand of disintegration (25)
 t - a wand of acid (15)
 G - a wand of random effects (35)
 K - a wand of scattershot (6)
Scrolls
 b - 4 scrolls of magic mapping
 c - 7 scrolls of remove curse
 j - 3 scrolls of immolation
 l - 12 scrolls of teleportation
 u - 4 scrolls of amnesia
 v - 4 scrolls of enchant armour
 L - 2 scrolls of blinking
Potions
 e - a potion of magic
 f - 3 potions of ambrosia
 i - a potion of haste
 k - 5 potions of curing
 r - 3 potions of mutation
 x - a potion of invisibility
 z - 3 potions of agility
 B - a potion of lignification
 C - a potion of flight
 D - 2 potions of cancellation
 M - a potion of brilliance
 O - 2 potions of might
 Q - a potion of berserk rage
 T - a potion of heal wounds
Books
 a - a manual of Throwing
Miscellaneous
 H - a lamp of fire
Comestibles
 d - 20 rations


   Skills:
 + Level 8.5 Fighting
 + Level 10.9 Short Blades
 + Level 14.0 Dodging
 + Level 19.9 Stealth
 + Level 12.5 Spellcasting
 + Level 12.8 Hexes


You had 26 spell levels left.
You knew the following spells:

 Your Spells              Type           Power        Failure   Level  Hunger
a - Ensorcelled Hibernat  Hex/Ice        ######       1%          2    None
b - Corona                Hex            #######      1%          1    None
c - Confuse               Hex            #######.     1%          3    None
d - Tukima's Dance        Hex            #######.     1%          3    None
e - Dazzling Spray        Conj/Hex       ######       1%          3    None

Your spell library contained the following spells:

 Spells                   Type           Power        Failure   Level  Hunger
 Summon Guardian Golem    Hex/Summ       ######..     1%          3    None
 Summon Small Mammal      Summ           ###.         5%          1    None
 Call Imp                 Summ           ###.....     9%          2    None
 Call Canine Familiar     Summ           ###.....     16%         3    None
 Summon Ice Beast         Ice/Summ       ###.....     47%         4    None
 Summon Lightning Spire   Summ/Air       ###.....     47%         4    None
 Bolt of Magma            Conj/Fire/Erth ###.......   83%         5    ####...
 Iskenderun's Battlesphe  Conj/Chrm      ###.....     83%         5    ####...
 Venom Bolt               Conj/Pois      ###.......   83%         5    ####...
 Iron Shot                Conj/Erth      ###.......   100%        6    #####..
 Orb of Destruction       Conj           ###.......   100%        7    #######
 Spellforged Servitor     Conj/Summ      ###.......   100%        7    #######


Dungeon Overview and Level Annotations

Branches:
Dungeon (14/15)            Temple (1/1) D:5            Lair (6/6) D:11
  Swamp (0/4) Lair:2        Snake (1/4) Lair:4        Slime (3/5) Lair:5
    Orc (0/2) D:9          Vaults (0/5) D:14

Altars:
Ashenzari
Cheibriados
Dithmenos
Elyvilon
Fedhas
Gozag
Hepliaklqana
Kikubaaqudgha
Makhleb
Nemelex Xobeh
Okawaru
Qazlal
Ru
Sif Muna
Trog
Uskayaw
Vehumet
Wu Jian
Xom
Yredelemnul
Zin
The Shining One
Jiyva

Shops:
D:10 }

Annotations:
D:7 2 transporters, Rrauwl's ghost, novice OgMo


Innate Abilities, Weirdness & Mutations

You are very small and have problems with some larger weapons.
You are too small for most types of armour.
You have supernaturally acute eyesight. (SInv)
You are a herbivore.
You cover ground extremely quickly.
You need to consume almost no food.
Your mind is acute. (Int +2)


Message History

The dream sheep bites you but does no damage.
The black mamba bites you but does no damage.
The soldier ant stings you but does no damage.
The dream sheep bites you!
* * * LOW HITPOINT WARNING * * *
The black mamba bites you.
* * * LOW HITPOINT WARNING * * *
The spiny frog stings you but does no damage.
The blink frog blinks!
The basilisk bites you.
* * * LOW HITPOINT WARNING * * *
The dream sheep bites you but does no damage.
The dream sheep bites you!
* * * LOW HITPOINT WARNING * * *
The black mamba bites you but does no damage.
The soldier ant stings you but does no damage.
The dream sheep bites you. The spiny frog stings you!!
* * * LOW HITPOINT WARNING * * *
The blink frog croaks. x2
The black mamba bites you!
You die...

.#.#..P..............####**#..#..
#.#...P#..............#.,,.......
,#.##...................,,.......
.,#.....................,,,,.....
...#......####..........,,,,..#..
......#....###...§......,,,,,,#..
.#..........F....§§.....,,,*,*#..
..P....#....#..Y§a§.....,,,,,*,,#
........##..P..Y@F§#....,,,,,**#.
........*##P...SYl##,...,,,,,.##.
........,*#.....aS#*,,,.,,,,,#...
#P......,*####P§FF.P,,,,,,,,,*aa.
##......*,***###.....,,,,,,,,##a#
#......,,,,***......,,,,,,,,*.a,
*,,,,,,,,,,,*,.......,,,,,,***,,
*,,,,,,,,,,,,,........,,,,,,,*#a
*,,,,,,,,,,,,,,,,,,,,,,,,,,,,,#a


You could see a black mamba, a spiny frog, a basilisk, 3 blink frogs, 2 soldier
ants, a water moccasin and 3 dream sheep.

Vanquished Creatures
  An acid blob (Slime:2)
  Kirke (D:12)
  2 entropy weavers (Lair:6)
  Nessos (Lair:6)
  A death ooze (Slime:2)
  7 hydras
  Erica (D:11)
  3 two-headed ogres
  2 centaur warriors (D:13)
  An ogre mage (D:14)
  A tengu warrior (D:14)
  Urug (D:10)
  A deep elf knight (D:14)
  A skeletal warrior (D:14)
  A wizard (D:14)
  13 ugly things
  2 deep elf magi (D:14)
  A cyclops (D:12)
  3 naga magi (Snake:1)
  5 elephants (Lair:5)
  4 black mambas
  An ice statue (D:11)
  A gargoyle (D:11)
  16 spiny frogs
  A rime drake (Lair:3)
  9 komodo dragons
  2 efreet (D:14)
  2 yaktaurs (D:14)
  A troll (D:9)
  Grinder (D:7)
  A hornet (D:12)
  A tyrant leech (Lair:2)
  8 blink frogs (Lair:6)
  4 dream sheep (Lair:6)
  4 slime creatures
  14 hippogriffs
  Sigmund (D:5)
  A water elemental (D:11)
  A shadow (D:14)
  17 yaks
  3 hogs (D:12)
  3 hungry ghosts
  A wraith (D:10)
  A basilisk (Lair:1)
  A wyvern (Lair:5)
  5 golden eyes (Slime:2)
  4 vampire mosquitoes (D:14)
  2 nagas (Lair:4)
  2 swamp worms (Lair:2)
  10 soldier ants
  9 porcupines
  10 water moccasins
  Duvessa (D:7)
  An eye of draining (D:13)
  9 orc warriors
  7 sky beasts
  A phantom (D:8)
  7 ice beasts
  A black bear (D:11)
  4 necrophages (D:6)
  11 ogres
  10 wolves (Lair:2)
  10 centaurs
  3 big kobolds
  10 crocodiles
  16 bullfrogs
  An elf zombie (Ossuary)
  Dowan (D:7)
  2 wyvern skeletons
  4 scorpions
  20 killer bees
  4 wights (D:11)
  An electric eel (Lair:2)
  2 howler monkeys
  3 crimson imps
  3 bullfrog zombies
  6 hounds
  4 human zombies (Ossuary)
  5 jellies
  7 centaur skeletons
  2 centaur zombies
  10 orc priests
  4 bullfrog skeletons
  2 iguanas
  17 orc wizards
  Ijyb (D:5)
  13 worker ants
  2 hound skeletons
  3 hound zombies
  2 mummies (Ossuary)
  Robin (D:3)
  10 gnolls
  A worker ant zombie (D:5)
  11 adders
  A shadow imp (D:6)
  2 oozes
  5 adder zombies
  An adder skeleton (D:6)
  3 worms
  3 dart slugs
  6 leopard geckos
  45 orcs
  2 ball pythons (D:3)
  6 giant cockroaches
  15 goblins
  9 hobgoblins
  7 jackals
  4 quokkas
  A ball python zombie (D:6)
  8 bats
  11 frilled lizards
  2 goblin zombies (Ossuary)
  7 hobgoblin zombies (Ossuary)
  2 jackal zombies
  15 kobolds
  10 kobold zombies (Ossuary)
  8 orc zombies (Ossuary)
  A quokka zombie (D:6)
  5 rats
  2 fungi
  A plant (D:14)
605 creatures vanquished.

Vanquished Creatures (collateral kills)
  A gnoll (D:4)
1 creature vanquished.

Vanquished Creatures (others)
  A dancing weapon (D:4)
  A human (D:12)
  2 orcs (D:9)
  2 bushes
  7 fungi
  36 plants
49 creatures vanquished.

Grand Total: 655 creatures vanquished

Notes
Turn   | Place    | Note
-------+----------+-------------------------------------------
     0 | D:1      | Jesh the Spriggan Enchanter began the quest for the Orb.
     0 | D:1      | Reached XP level 1. HP: 9/9 MP: 5/5
   416 | D:1      | Reached XP level 2. HP: 9/13 MP: 7/7
   420 | D:1      | Learned a level 2 spell: Ensorcelled Hibernation
   833 | D:1      | Gained mutation: Your mind is acute. (Int +2) [potion of
                  | mutation]
  1818 | D:2      | Reached XP level 3. HP: 15/16 MP: 9/9
  2107 | D:2      | Learned a level 3 spell: Confuse
  2111 | D:2      | Learned a level 3 spell: Tukima's Dance
  2492 | D:3      | Reached XP level 4. HP: 21/21 MP: 8/11
  2670 | D:3      | Reached skill level 5 in Hexes
  2978 | D:3      | Noticed Robin
  2983 | D:3      | Killed Robin
  3578 | D:4      | Learned a level 3 spell: Dazzling Spray
  3582 | D:4      | Noticed an ogre
  3587 | D:4      | Reached skill level 5 in Stealth
  3587 | D:4      | Reached XP level 5. HP: 24/24 MP: 10/13
  3676 | D:4      | Killed an ogre
  3676 | D:4      | Reached skill level 7 in Stealth
  3877 | D:4      | Reached XP level 6. HP: 25/28 MP: 3/14
  4167 | D:4      | Reached skill level 8 in Stealth
  4415 | D:4      | Reached skill level 9 in Stealth
  4616 | D:4      | Reached skill level 10 in Stealth
  4616 | D:4      | Reached XP level 7. HP: 32/32 MP: 15/15
  5405 | D:5      | Entered Level 5 of the Dungeon
  5536 | D:5      | HP: 1/32 [ice beast (13)]
  6014 | D:5      | Reached skill level 11 in Stealth
  6410 | D:5      | Noticed Sigmund
  6414 | D:5      | Killed Sigmund
  6414 | D:5      | Reached skill level 12 in Stealth
  6426 | D:5      | Reached XP level 8. HP: 25/36 MP: 10/16
  6437 | D:5      | Reached skill level 13 in Stealth
  6608 | D:5      | Noticed Grinder
  6947 | D:5      | Found a staircase to the Ecumenical Temple.
  6980 | D:5      | Reached skill level 14 in Stealth
  6995 | Temple   | Entered the Ecumenical Temple
  7002 | Temple   | Became a worshipper of Dithmenos the Shadowed
  7169 | D:5      | Noticed Ijyb
  7179 | D:5      | Killed Ijyb
  8898 | D:5      | Found a staircase to the Ecumenical Temple.
  9288 | D:6      | Reached skill level 15 in Stealth
  9537 | D:6      | Reached skill level 5 in Spellcasting
  9642 | D:6      | Found a blossoming altar of Fedhas.
  9810 | D:6      | Reached XP level 9. HP: 34/40 MP: 13/17
  9814 | D:6      | Reached skill level 1 in Fighting
  9848 | D:6      | Reached * piety under Dithmenos
 10879 | D:6      | Reached skill level 5 in Dodging
 12592 | D:7      | You fall through a shaft for 2 floors!
 12695 | D:9      | Reached ** piety under Dithmenos
 12800 | D:8      | Found a sand-covered staircase.
 12808 | Ossuary  | Entered an ossuary
 13044 | Ossuary  | Reached *** piety under Dithmenos
 13706 | D:8      | Reached skill level 16 in Stealth
 13741 | D:8      | Found an iron altar of Okawaru.
 13782 | D:7      | Killed Grinder
 13782 | D:7      | Reached XP level 10. HP: 48/48 MP: 14/20
 13882 | D:7      | Noticed Rrauwl's ghost (novice OgMo)
 13885 | D:7      | Found a transporter.
 13895 | D:7      | Found a transporter.
 13998 | D:7      | Noticed Duvessa
 13998 | D:7      | Noticed Dowan
 14002 | D:7      | Killed Duvessa
 14018 | D:7      | Killed Dowan
 14411 | D:7      | You fall through a shaft for 2 floors!
 14448 | D:9      | Reached **** piety under Dithmenos
 15335 | D:8      | Reached skill level 5 in Short Blades
 15512 | D:9      | Found a deep blue altar of Sif Muna.
 15658 | D:9      | Found a staircase to the Orcish Mines.
 16037 | D:10     | Entered Level 10 of the Dungeon
 16175 | D:10     | Found Ufuhocw's Gadget Shoppe.
 16404 | D:10     | Noticed Urug
 16411 | D:10     | Killed Urug
 16496 | D:10     | Reached XP level 11. HP: 53/53 MP: 23/23
 16570 | D:11     | Noticed Erica
 16574 | D:11     | Killed Erica
 16613 | D:11     | Reached ***** piety under Dithmenos
 17555 | D:11     | Reached skill level 17 in Stealth
 17722 | D:11     | Found a staircase to the Lair.
 18237 | D:11     | HP: 2/54 [ice beast[an ice statue] (6)]
 18718 | D:11     | Got a shimmering dagger
 18719 | D:11     | Identified the +5 dagger "Jyut" {venom, Int+4} (You found
                  | it on level 11 of the Dungeon)
 18839 | D:12     | Reached skill level 5 in Fighting
 19104 | D:12     | Noticed Kirke
 19124 | D:12     | Killed Kirke
 19205 | D:12     | Reached skill level 10 in Dodging
 19582 | D:12     | Noticed a red ugly thing
 19599 | D:12     | Killed a red ugly thing
 19599 | D:12     | Reached XP level 12. HP: 60/60 MP: 23/26
 19735 | D:13     | Noticed a centaur warrior
 19750 | D:13     | Killed a centaur warrior
 19971 | D:13     | Noticed a two-headed ogre
 19991 | D:13     | Killed a two-headed ogre
 20101 | D:13     | Noticed a four-headed hydra
 20106 | D:13     | Killed a four-headed hydra
 20106 | D:13     | Reached skill level 10 in Hexes
 20416 | D:13     | Reached ****** piety under Dithmenos
 20460 | D:13     | Identified a scroll of acquirement
 20542 | D:13     | Noticed a centaur warrior
 20567 | D:13     | Killed a centaur warrior
 21019 | D:14     | Reached skill level 10 in Spellcasting
 21169 | D:14     | Reached skill level 18 in Stealth
 21331 | D:14     | Noticed a tengu warrior
 21337 | D:14     | Killed a tengu warrior
 21663 | D:14     | Noticed a two-headed ogre
 21665 | D:14     | Found a gate to the Vaults.
 21665 | D:14     | Noticed an ogre mage
 21666 | D:14     | Killed an ogre mage
 21668 | D:14     | Killed a two-headed ogre
 21694 | D:14     | Reached XP level 13. HP: 66/66 MP: 28/28
 22402 | Lair:1   | Entered Level 1 of the Lair of Beasts
 24056 | Lair:2   | Found a staircase to the Swamp.
 24116 | Lair:2   | Reached skill level 19 in Stealth
 24289 | Lair:2   | Got a warped bone ring
 25729 | Lair:3   | Reached skill level 10 in Short Blades
 26342 | Lair:4   | Reached XP level 14. HP: 72/72 MP: 27/30
 26487 | Lair:4   | Found a staircase to the Snake Pit.
 26497 | Snake:1  | Entered Level 1 of the Snake Pit
 27503 | Lair:5   | Found a runed door.
 27504 | Lair:5   | Found a viscous altar of Jiyva.
 27505 | Lair:5   | Found a staircase to the Slime Pits.
 27564 | Slime:1  | Entered Level 1 of the Pits of Slime
 27612 | Slime:1  | Noticed an acid blob
 27891 | Slime:2  | Noticed an acid blob
 27896 | Slime:2  | Killed an acid blob
 28211 | Slime:2  | Noticed an azure jelly
 28474 | Lair:5   | Identified the ring "Cajin" {Str+3 Dex+2 Stlth+} (You found
                  | it on level 2 of the Lair of Beasts)
 28718 | Lair:6   | Entered Level 6 of the Lair of Beasts
 28784 | Lair:6   | Noticed an entropy weaver
 28786 | Lair:6   | Noticed an entropy weaver
 28786 | Lair:6   | Noticed Nessos
 28787 | Lair:6   | Killed an entropy weaver
 28789 | Lair:6   | Killed an entropy weaver
 28791 | Lair:6   | Killed Nessos
 29393 | Lair:6   | HP: 1/74 [spiny frog (10)]
 29394 | Lair:6   | Slain by a black mamba

Vault maps used:
D:1:      dpeg_arrival_round_a, hex_tiny
D:2:      minmay_bisected
D:3:      minmay_lizard_king, uniq_robin
D:4:      first_ration, minivault_19, minmay_checkerbox
D:5:      minmay_temple_entry_statues, minmay_holes, uniq_sigmund, uniq_grinder,
          uniq_ijyb
D:6:      hangedman_decor_peaks_small, columned_hall_lemuel,
          fedhas_altar_decomposition
D:7:      gammafunk_ghost_arena, uniq_duvessa
D:8:      chequers_ossuary_entry_cave, basic_altar
D:9:      lemuel_blue_sif_altar, david_orc_4
D:10:     serial_shops, shop, uniq_urug
D:11:     statuecave_lemuel, grunt_lair_entry_orc_guard_hut, uniq_erica
D:12:     uniq_kirke
D:14:     hangedman_vaults_entry_quadrant_bands, kennysheep_boxes
Temple:   grunt_wide_crystal_templ
Lair:2:   minmay_swamp_entry_worms, serial_bayou_shore_b, grunt_megastairs_3
Lair:3:   st_stairs_8, lemuel_fruit_tree, infiniplex_staircase_pool
Lair:4:   guppyfry_snake_entry_island
Lair:5:   slime_altar_2
Lair:6:   guppyfry_lair_end_dragon, wormcave, zaba_anthell, uniq_nessos
Snake:1:  spider_trap, hangedman_snake_sidewinding, uniq_azrael
Ossuary:  ossuary_tomb_1

Skill      XL: |  1  2  3  4  5  6  7  8  9 10 11 12 13 14 |
---------------+-------------------------------------------+-----
Spellcasting   | 3 4 5 6 7 9 10 11 12 | 12.5
Hexes          | 4 5 7 8 9 10 11 12 | 12.8
Stealth        | 5 7 10 12 15 16 17 18 19 | 19.9
Fighting       | 2 4 5 6 7 8 |  8.5
Short Blades   | 4 5 7 8 10 | 10.9
Dodging        | 6 8 10 11 13 14 | 14.0

Action                   |  1- 3 |  4- 6 |  7- 9 | 10-12 | 13-15 || total
-------------------------+-------+-------+-------+-------+-------++-------
Melee: Dagger            |    91 |   110 |   444 |   515 |   412 ||  1572
       Unarmed           |       |       |       |     9 |       ||     9
       Rapier            |       |       |       |       |    46 ||    46
 Cast: Corona            |     2 |       |       |       |       ||     2
       Ensorcelled Hiber |    15 |    32 |    48 |    49 |    65 ||   209
       Confuse           |       |     2 |    40 |    44 |    14 ||   100
       Tukima's Dance    |       |     2 |     3 |       |       ||     5
       Dazzling Spray    |       |     4 |     6 |    17 |    15 ||    42
Invok: Shadow Step       |       |       |       |       |     4 ||     4
 Abil: Evoke Flight      |       |       |       |     1 |       ||     1
Evoke: Wand              |       |       |    10 |     4 |       ||    14
  Use: Scroll            |    11 |     2 |     6 |    11 |    12 ||    42
       Potion            |     1 |     1 |       |    13 |     1 ||    16
 Stab: Sleeping          |    15 |    25 |    62 |    85 |   126 ||   313
       Distracted        |       |     1 |       |     5 |     2 ||     8
       Confused          |       |     2 |    17 |    33 |    15 ||    67
       Invisible         |       |       |     2 |    14 |     6 ||    22
  Eat: Ration            |       |     2 |     6 |     5 |     5 ||    18
Armor: Robe              |    12 |    14 |    33 |    16 |    22 ||    97
Dodge: Dodged            |    75 |   104 |   324 |   343 |   398 ||  1244

Table legend:
 A = Non-vault XP
 B = Vault XP
 C = Vault XP percentage of total XP
 D = Non-vault monster count
 E = Vault monster count
 F = Vault count percentage of total count
                 A         B        C        D         E       F
            +---------+---------+-------+---------+---------+-------
      Total |   69806 |   23041 |  24.8 |     462 |     141 |  23.4
            +---------+---------+-------+---------+---------+-------
        D:1 |      26 |       0 |   0.0 |      15 |       0 |   0.0
        D:2 |      43 |       2 |   4.4 |      17 |       1 |   5.6
        D:3 |      54 |      41 |  43.2 |      18 |      17 |  48.6
        D:4 |     640 |      90 |  12.3 |      29 |       3 |   9.4
        D:5 |    1047 |     263 |  20.1 |      23 |       2 |   8.0
        D:6 |    1608 |     505 |  23.9 |      37 |       6 |  14.0
        D:7 |    1036 |     509 |  32.9 |      26 |       3 |  10.3
        D:8 |    1115 |       0 |   0.0 |      24 |       0 |   0.0
        D:9 |    1098 |     731 |  40.0 |      13 |      14 |  51.9
       D:10 |    1002 |     855 |  46.0 |      10 |       1 |   9.1
       D:11 |    2513 |    1976 |  44.0 |      33 |       7 |  17.5
       D:12 |    3832 |    2603 |  40.5 |      27 |       4 |  12.9
       D:13 |    6833 |       0 |   0.0 |      22 |       0 |   0.0
       D:14 |   11193 |    7229 |  39.2 |      41 |      15 |  26.8
     Lair:1 |    4975 |       0 |   0.0 |      20 |       0 |   0.0
     Lair:2 |    3292 |    1136 |  25.7 |      23 |       5 |  17.9
     Lair:3 |    7642 |       0 |   0.0 |      25 |       0 |   0.0
     Lair:4 |    3377 |     319 |   8.6 |      12 |       2 |  14.3
     Lair:5 |    5930 |     176 |   2.9 |      17 |       5 |  22.7
     Lair:6 |    7243 |    5394 |  42.7 |      21 |      15 |  41.7
    Snake:1 |     479 |     872 |  64.5 |       1 |       2 |  66.7
    Slime:2 |    4828 |       0 |   0.0 |       8 |       0 |   0.0
    Ossuary |       0 |     340 | 100.0 |       0 |      39 | 100.0
            +---------+---------+-------+---------+---------+-------
